 Dungeon Crawl Stone Soup version 0.24-a0-520-g8fd06ad0bc (webtiles) character file.

Game seed: 1914800921672868274

61094 Froggeryz the Martial Artist (level 15, -13/138 HPs)
             Began as a Gnoll Transmuter on July 24, 2019.
             Was the Champion of Wu Jian.
             Mangled by a swamp worm (26 damage)
             ... on level 12 of the Dungeon.
             The game lasted 01:18:26 (28469 turns).

Froggeryz the Martial Artist (Gnoll Transmuter)    Turns: 28469, Time: 01:18:27

Health: -13/138    AC:  7    Str: 15    XL:     15   Next: 1%
Magic:  29/29      EV: 16    Int: 18    God:    Wu Jian [******]
Gold:   344        SH:  0    Dex: 17    Spells: 15/35 levels left

rFire    + . .     SeeInvis .     - Unarmed
rCold    + + +     Gourm    .   (shield currently unavailable)
rNeg     . . .     Faith    .   (armour currently unavailable)
rPois    +         Spirit   .   (helmet currently unavailable)
rElec    .         Reflect  .   (cloak currently unavailable)
rCorr    .         Harm     .   (gloves currently unavailable)
MR       +....                  (boots currently unavailable)
Stlth    ++++......             P - amulet of regeneration
HPRegen  0.33/turn              F - ring of protection from fire
MPRegen  0.21/turn              j - ring of protection from fire

@: ice-form, very slightly contaminated, starving, drained
A: large, distributed training, strong nose
a: End Transformation, Wall Jump, Serpent's Lash, Heavenly Storm, Renounce
Religion


You were on level 12 of the Dungeon.
You worshipped Wu Jian.
Wu Jian was exalted by your worship.
You were starving.
You were a creature of crystalline ice.
You visited 3 branches of the dungeon, and saw 20 of its levels.
You also visited: Gauntlet.

You collected 1104 gold pieces.
You spent 760 gold pieces at shops.

Inventory:

Missiles
 a - 218 arrows
 S - 25 silver javelins (quivered)
Armour
 c - a +0 helmet (melded)
 e - a scarf of repulsion
 C - a +2 cloak of magic resistance (melded)
 E - a +0 pair of gloves (melded)
 W - a +1 leather armour of cold resistance (melded)
Magical Staves
 A - an uncursed staff of cold
 K - an uncursed staff of conjuration
 O - an uncursed staff of air
 T - an uncursed staff of earth
Jewellery
 h - an uncursed ring of ice
 j - a ring of protection from fire (right front paw)
 k - an uncursed amulet of the gourmand
 o - an uncursed ring of see invisible
 s - an uncursed ring of stealth
 w - the ring "Ireohiv" {+Fly Str+5}
   (You found it on level 6 of the Lair of Beasts)

   [ring of flight]

   It affects your strength (+5).
   It lets you fly.
 B - the ring "Cyzad" {*Contam rN+ Int+5 Dex+4 SInv}
   (You found it in a Gauntlet)

   [ring of positive energy]

   It affects your intelligence (+5).
   It affects your dexterity (+4).
   It protects you from negative energy.
   It lets you see invisible.
   It causes magical contamination when unequipped.
 F - a ring of protection from fire (left front paw)
 H - an uncursed ring of protection from fire
 P - an amulet of regeneration (around neck)
 U - an uncursed ring of wizardry
 V - an uncursed ring of magical power
Wands
 i - a wand of iceblast (8)
 m - a wand of disintegration (30)
 t - a wand of acid (8)
 y - a wand of paralysis (50)
 G - a wand of enslavement (1)
 J - a wand of digging (7)
 R - a wand of flame (42)
 Y - a wand of scattershot (10)
Scrolls
 b - a scroll of enchant weapon
 g - a scroll of teleportation
 l - 10 scrolls of remove curse
 p - a scroll of blinking
 q - a scroll of magic mapping
 v - 2 scrolls of acquirement
 L - 5 scrolls of amnesia
 Q - a scroll of enchant armour
Potions
 f - a potion of flight
 n - a potion of resistance
 r - a potion of might
 x - 2 potions of haste
 z - 11 potions of curing
 I - 2 potions of heal wounds
 Z - a potion of berserk rage
Miscellaneous
 u - a lightning rod (4/4)
 X - a lightning rod (4/4)
Comestibles
 d - 24 rations


   Skills:
 + Level 9.9(8.6) Fighting
 + Level 9.5(8.3) Short Blades
 + Level 9.5(8.3) Long Blades
 + Level 9.5(8.3) Axes
 + Level 9.5(8.3) Maces & Flails
 + Level 9.5(8.3) Polearms
 + Level 9.5(8.3) Staves
 + Level 9.5(8.3) Slings
 + Level 9.5(8.3) Bows
 + Level 9.5(8.3) Crossbows
 + Level 9.5(8.3) Throwing
 + Level 9.5(8.3) Armour
 + Level 10.5(9.2) Dodging
 + Level 9.5(8.3) Stealth
 + Level 9.5(8.3) Shields
 + Level 11.4(10.1) Unarmed Combat
 + Level 10.7(9.4) Spellcasting
 + Level 8.0(6.8) Conjurations
 + Level 8.0(6.8) Hexes
 + Level 8.0(6.8) Charms
 + Level 8.0(6.8) Summonings
 + Level 8.0(6.8) Necromancy
 + Level 8.0(6.8) Translocations
 + Level 8.9(7.7) Transmutations
 + Level 8.0(6.8) Fire Magic
 + Level 8.0(6.8) Ice Magic
 + Level 8.0(6.8) Air Magic
 + Level 8.0(6.8) Earth Magic
 + Level 8.0(6.8) Poison Magic
 + Level 10.3(9.1) Invocations
 + Level 9.5(8.3) Evocations


You had 15 spell levels left.
You knew the following spells:

 Your Spells              Type           Power        Failure   Level  Hunger
a - Ice Form              Ice/Tmut       ####....     4%          4    ###....
b - Sticks to Snakes      Tmut           #####...     1%          2    None
c - Spider Form           Tmut/Pois      ####......   1%          3    None
d - Swiftness             Chrm/Air       ####....     1%          2    None
e - Blade Hands           Tmut           #####.....   10%         5    #####..
f - Summon Lightning Spi  Summ/Air       ####....     4%          4    ###....

Your spell library contained the following spells:

 Spells                   Type           Power        Failure   Level  Hunger
 Beastly Appendage        Tmut           #####.       1%          1    None
 Corona                   Hex            ####...      1%          1    None
 Sandblast                Erth           ####..       1%          1    None
 Shock                    Conj/Air       ####         1%          1    None
 Ensorcelled Hibernation  Hex/Ice        ####..       1%          2    None
 Passwall                 Tmut/Erth      ####....     1%          2    None
 Poisonous Vapours        Pois/Air       ####..       1%          2    None
 Slow                     Hex            ####....     1%          2    None
 Confuse                  Hex            ####....     1%          3    None
 Conjure Flame            Conj/Fire      ####....     1%          3    None
 Dazzling Spray           Conj/Hex       ####..       1%          3    None
 Inner Flame              Hex/Fire       ####....     1%          3    None
 Mephitic Cloud           Conj/Pois/Air  ####....     1%          3    None
 Portal Projectile        Hex/Tloc       ####..       1%          3    None
 Static Discharge         Conj/Air       ####....     1%          3    None
 Stone Arrow              Conj/Erth      ####..       1%          3    None
 Tukima's Dance           Hex            ####....     1%          3    None
 Airstrike                Air            ####......   4%          4    ###....
 Cause Fear               Hex            ####......   4%          4    ###....
 Leda's Liquefaction      Hex/Erth       ####......   4%          4    ###....
 Olgreb's Toxic Radiance  Pois           ####....     4%          4    ###....
 Petrify                  Tmut/Erth      ####....     4%          4    ###....
 Alistair's Intoxication  Tmut/Pois      ####....     12%         5    #####..
 Lee's Rapid Deconstruct  Erth           ####......   14%         5    #####..
 Lightning Bolt           Conj/Air       ####......   14%         5    #####..
 Silence                  Hex/Air        ####......   14%         5    #####..
 Venom Bolt               Conj/Pois      ####......   14%         5    #####..
 Conjure Ball Lightning   Conj/Air       ####......   61%         6    ######.
 Deflect Missiles         Chrm/Air       ####......   61%         6    ######.
 Freezing Cloud           Conj/Ice/Air   ####......   61%         6    ######.
 Ring of Flames           Chrm/Fire      ####......   99%         7    #######
 Tornado                  Air            ####......   100%        9    #######


Dungeon Overview and Level Annotations

Branches:
Dungeon (13/15)            Temple (1/1) D:6            Lair (6/6) D:11
 Shoals (0/4) Lair:4       Spider (0/4) Lair:4        Slime (0/5) Lair:5
    Orc (0/2) D:12         Vaults (0/5) D:13

Altars:
Ashenzari
Cheibriados
Dithmenos
Elyvilon
Fedhas
Gozag
Hepliaklqana
Kikubaaqudgha
Makhleb
Nemelex Xobeh
Okawaru
Qazlal
Ru
Sif Muna
Trog
Uskayaw
Vehumet
Wu Jian
Xom
Yredelemnul
Zin
The Shining One
Beogh

Shops:
D:8 !   D:11 (*?*

Annotations:
D:12 Erolcha
Lair:3 1 runed translucent door, loom's ghost, journeyman TrFi


Innate Abilities, Weirdness & Mutations

Your experience applies equally to all skills.
((You have very sharp teeth.))
Your uncanny sense of smell can sniff out nearby items.


Message History

You freeze the swamp worm.
The swamp worm is heavily wounded.
The swamp worm bites you.
* * * LOW HITPOINT WARNING * * *
You hit the swamp worm. You freeze the swamp worm.
The swamp worm is heavily wounded.
The swamp worm misses you.
Blink to where?
Press: ? - help, Dir - move target cursor You are very lightly contaminated with residual magic.
As you read the scroll of blinking, it crumbles to dust.
The swamp worm throws harpoon shot at you.
The harpoon shot misses you.
The swamp worm throws harpoon shot at you.
The harpoon shot hits you!
* * * LOW HITPOINT WARNING * * *
You stop ascending the stairs.
You are yanked forward by the harpoon shot.
The swamp worm bites you!!
You die...

######'###### #.## #..#
########.#####
#............#
#.......<...<### ########
#.......w......# #......>
#............#.# #......Y
#.......Y....#.###.......
#......w.....#...#....[..
#..........w.###['...†...
#............# ###.......
#....>.......# #.......
#............# #.......
#............# #.......
#............# ##+#####
#............#


You could see 2 tyrant leeches and a swamp worm.

Vanquished Creatures
  A hydra (Lair:6)
  Harold (D:11)
  3 vault guards (D:13)
  A centaur warrior (D:13)
  A two-headed ogre (D:11)
  A deep troll shaman (Lair:6)
  8 death yaks
  Nergalle (D:11)
  Sonja (Lair:4)
  A fire crab (Gauntlet)
  2 unseen horrors
  A necromancer (Lair:2)
  A lindwurm (Lair:6)
  An orc knight (D:9)
  Pikel (D:5)
  2 ugly things (D:11)
  2 cyclopes (D:11)
  An orb spider (Lair:4)
  2 manticores
  14 elephants
  7 black mambas
  An eye of devastation (Lair:5)
  11 spiny frogs
  2 torpor snails (Lair:5)
  3 komodo dragons
  A kobold demonologist (D:13)
  3 polar bears (Lair:6)
  3 trolls
  Grinder (D:3)
  Prince Ribbit (Lair:2)
  3 hornets
  10 hippogriffs
  4 slime creatures
  24 blink frogs
  7 dream sheep (Lair:5)
  Sigmund (D:3)
  3 wraiths
  5 fire bats (Gauntlet)
  41 yaks
  4 wyverns
  A ynoxinul (Gauntlet)
  6 basilisks
  3 hungry ghosts
  3 wargs (D:11)
  A swamp worm (D:12)
  A soldier ant (D:8)
  13 water moccasins
  2 hell hounds (Gauntlet)
  4 porcupines
  5 sky beasts
  2 slaves (D:5)
  A hornet zombie (D:9)
  4 orc warriors
  5 ice beasts
  2 black bears (D:11)
  2 eyes of draining
  A necrophage (D:6)
  9 wolves
  5 centaurs
  2 ogres
  15 crocodiles
  15 bullfrogs
  A gnoll sergeant (D:8)
  A wyvern zombie (D:12)
  A water moccasin skeleton (D:8)
  5 scorpions
  4 killer bees (D:12)
  4 wights (D:10)
  2 electric eels (Lair:4)
  2 centaur zombies
  7 howler monkeys
  13 crimson imps
  A bullfrog zombie (D:10)
  2 quasits
  A bullfrog skeleton (D:7)
  6 jellies
  7 hounds
  9 orc priests
  22 orc wizards
  4 iron imps (Gauntlet)
  Crazy Yiuf (D:5)
  Ijyb (D:5)
  Natasha (thrice) (D:4)
  5 iguanas
  9 worker ants
  5 polar bear simulacra (Lair:2)
  A yak simulacrum (Lair:2)
  2 wolf simulacra (Lair:2)
  A worker ant zombie (D:5)
  4 gnolls
  8 adders
  5 shadow imps
  2 oozes
  An adder skeleton (D:6)
  2 adder zombies
  3 worms
  2 dart slugs (D:1)
  4 leopard geckos
  55 orcs
  6 giant cockroaches
  5 goblins
  5 hobgoblins
  14 jackals
  7 kobolds
  5 quokkas
  A ball python (D:2)
  6 bats
  2 frilled lizards
  A jackal zombie (D:8)
  2 leopard gecko zombies (D:5)
  A quokka zombie (D:8)
  5 rats
  3 river rat simulacra (Lair:2)
552 creatures vanquished.

Vanquished Creatures (collateral kills)
  A minotaur (Gauntlet)
  An ugly thing (D:11)
  Menkaure (D:4)
  A sky beast (D:13)
  An ogre (D:5)
  2 gnolls
  An orc (D:5)
8 creatures vanquished.

Vanquished Creatures (others)
  A slave (D:5)
  An ogre (D:13)
  An orc priest (D:5)
  4 orc wizards
  An adder (D:5)
  3 orcs
  A jackal (D:5)
  11 fungi
  16 plants
39 creatures vanquished.

Grand Total: 599 creatures vanquished

Notes
Turn   | Place    | Note
-------+----------+-------------------------------------------
     0 | D:1      | Froggeryz the Gnoll Transmuter began the quest for the Orb.
     0 | D:1      | Reached XP level 1. HP: 17/17 MP: 6/6
   138 | D:1      | Reached XP level 2. HP: 13/23 MP: 7/7
   866 | D:2      | Reached XP level 3. HP: 18/28 MP: 9/9
   896 | D:2      | Reached skill level 5 in Spellcasting
  1071 | D:2      | Found a glowing silver altar of Zin.
  1123 | D:2      | Learned a level 2 spell: Sticks to Snakes
  1457 | D:2      | Reached skill level 1 in Invocations
  2096 | D:3      | Found a shadowy altar of Dithmenos.
  2256 | D:3      | Reached skill level 1 in Short Blades
  2256 | D:3      | Reached skill level 1 in Long Blades
  2256 | D:3      | Reached skill level 1 in Axes
  2256 | D:3      | Reached skill level 1 in Maces & Flails
  2256 | D:3      | Reached skill level 1 in Polearms
  2256 | D:3      | Reached skill level 1 in Staves
  2256 | D:3      | Reached skill level 1 in Slings
  2256 | D:3      | Reached skill level 1 in Bows
  2256 | D:3      | Reached skill level 1 in Crossbows
  2256 | D:3      | Reached skill level 1 in Throwing
  2256 | D:3      | Reached skill level 1 in Armour
  2256 | D:3      | Reached skill level 1 in Stealth
  2256 | D:3      | Reached skill level 1 in Shields
  2256 | D:3      | Reached skill level 1 in Evocations
  2267 | D:3      | Reached XP level 4. HP: 34/34 MP: 11/11
  2429 | D:3      | Found a blossoming altar of Fedhas.
  2518 | D:3      | Noticed Sigmund
  2527 | D:3      | Killed Sigmund
  2527 | D:3      | Reached skill level 1 in Conjurations
  2527 | D:3      | Reached skill level 1 in Hexes
  2527 | D:3      | Reached skill level 1 in Charms
  2527 | D:3      | Reached skill level 1 in Summonings
  2527 | D:3      | Reached skill level 1 in Necromancy
  2527 | D:3      | Reached skill level 1 in Translocations
  2527 | D:3      | Reached skill level 1 in Fire Magic
  2527 | D:3      | Reached skill level 1 in Ice Magic
  2527 | D:3      | Reached skill level 1 in Air Magic
  2527 | D:3      | Reached skill level 1 in Earth Magic
  2527 | D:3      | Reached skill level 1 in Poison Magic
  2527 | D:3      | Reached XP level 5. HP: 41/41 MP: 12/12
  2527 | D:3      | Reached XP level 6. HP: 47/47 MP: 13/13
  2580 | D:3      | Found a sparkling altar of Nemelex Xobeh.
  2756 | D:3      | Noticed Grinder
  2769 | D:3      | Killed Grinder
  2769 | D:3      | Reached skill level 5 in Dodging
  2796 | D:3      | Found a deep blue altar of Sif Muna.
  2844 | D:3      | Reached XP level 7. HP: 18/52 MP: 15/15
  3183 | D:4      | Reached skill level 7 in Unarmed Combat
  3320 | D:4      | Noticed Menkaure
  3655 | D:4      | Killed Menkaure
  3734 | D:4      | Found a sacrificial altar of Ru.
  3762 | D:4      | Noticed Natasha
  3812 | D:4      | Killed Natasha
  4040 | D:4      | Noticed Natasha
  4070 | D:4      | Killed Natasha
  4070 | D:4      | Reached XP level 8. HP: 52/60 MP: 13/16
  4112 | D:4      | Noticed Natasha
  4123 | D:4      | Killed Natasha
  4130 | D:5      | Entered Level 5 of the Dungeon
  4307 | D:5      | Noticed Ijyb
  4311 | D:5      | Paralysed by Ijyb for 2 turns
  4318 | D:5      | Noticed Pikel
  4321 | D:5      | Killed Ijyb
  4350 | D:5      | Killed Pikel
  4967 | D:5      | Found a hazy altar of Hepliaklqana.
  5093 | D:5      | Reached XP level 9. HP: 57/66 MP: 18/18
  5163 | D:5      | Reached skill level 5 in Transmutations
  5326 | D:5      | Found a runed translucent door.
  5327 | D:5      | Noticed Crazy Yiuf
  5590 | D:5      | Killed Crazy Yiuf
  5856 | D:6      | Found a stormy altar of Qazlal.
  5882 | D:6      | Learned a level 3 spell: Spider Form
  5916 | D:6      | Found a staircase to the Ecumenical Temple.
  5948 | D:6      | Found an ancient bone altar of Kikubaaqudgha.
  5975 | Temple   | Entered the Ecumenical Temple
  5982 | Temple   | Became a worshipper of the Wu Jian Council
  6482 | D:6      | You fall into a shaft and drop 1 floor!
  6493 | D:7      | Reached skill level 5 in Fighting
  6699 | D:8      | Found Agogiask's Distillery.
  6829 | D:8      | Bought a potion of curing for 39 gold pieces
  7106 | D:7      | Reached skill level 8 in Unarmed Combat
  7210 | D:7      | Reached skill level 5 in Invocations
  7214 | D:7      | Reached * piety under Wu Jian
  7489 | D:7      | Learned a level 2 spell: Swiftness
  7696 | D:7      | Reached XP level 10. HP: 71/74 MP: 20/20
  8064 | D:7      | Found a shimmering altar of Xom.
  8065 | D:7      | Found a burning altar of Makhleb.
  8191 | D:8      | Paralysed by a hornet for 1 turns
  8633 | D:8      | Reached skill level 5 in Short Blades
  8633 | D:8      | Reached skill level 5 in Long Blades
  8633 | D:8      | Reached skill level 5 in Axes
  8633 | D:8      | Reached skill level 5 in Maces & Flails
  8633 | D:8      | Reached skill level 5 in Polearms
  8633 | D:8      | Reached skill level 5 in Staves
  8633 | D:8      | Reached skill level 5 in Slings
  8633 | D:8      | Reached skill level 5 in Bows
  8633 | D:8      | Reached skill level 5 in Crossbows
  8633 | D:8      | Reached skill level 5 in Throwing
  8633 | D:8      | Reached skill level 5 in Armour
  8633 | D:8      | Reached skill level 5 in Stealth
  8633 | D:8      | Reached skill level 5 in Shields
  8633 | D:8      | Reached skill level 5 in Evocations
  8702 | D:8      | Got a smoking leather armour
  8703 | D:8      | Identified the cursed +0 leather armour of the Serpent
                  | {rElec rPois rC++ Int-4} (You found it on level 8 of the
                  | Dungeon)
  9807 | D:9      | Found a runed translucent door.
  9884 | D:9      | Reached ** piety under Wu Jian
  9914 | D:9      | Found a shattered altar of Ashenzari.
 10064 | D:9      | Found a hide-covered altar of Uskayaw.
 10518 | D:9      | Noticed an orc knight
 10555 | D:9      | Killed an orc knight
 10745 | D:9      | Found a roughly hewn altar of Beogh.
 10753 | D:9      | Identified the Handbook of Venom
 10802 | D:10     | Entered Level 10 of the Dungeon
 10910 | D:9      | Reached XP level 11. HP: 64/82 MP: 18/22
 11679 | D:10     | Reached skill level 9 in Unarmed Combat
 11685 | D:10     | Reached *** piety under Wu Jian
 11884 | D:10     | Reached skill level 5 in Conjurations
 11884 | D:10     | Reached skill level 5 in Hexes
 11884 | D:10     | Reached skill level 5 in Charms
 11884 | D:10     | Reached skill level 5 in Summonings
 11884 | D:10     | Reached skill level 5 in Necromancy
 11884 | D:10     | Reached skill level 5 in Translocations
 11884 | D:10     | Reached skill level 5 in Fire Magic
 11884 | D:10     | Reached skill level 5 in Ice Magic
 11884 | D:10     | Reached skill level 5 in Air Magic
 11884 | D:10     | Reached skill level 5 in Earth Magic
 11884 | D:10     | Reached skill level 5 in Poison Magic
 12355 | D:11     | Noticed a brown ugly thing
 12355 | D:11     | Noticed a purple ugly thing
 12730 | D:11     | Killed a white ugly thing
 12736 | D:11     | Killed a red ugly thing
 12768 | D:11     | Noticed a two-headed ogre
 12791 | D:11     | Noticed a cyclops
 12797 | D:11     | Found Foirch's Assorted Antiques.
 13212 | D:11     | Found Ukomolam's General Store.
 13218 | D:11     | Noticed a brown ugly thing
 13219 | D:11     | Noticed an unseen horror
 13232 | D:11     | Killed a brown ugly thing
 13240 | D:11     | Killed an unseen horror
 13433 | D:11     | Found a staircase to the Lair.
 13701 | D:11     | Reached **** piety under Wu Jian
 13810 | D:11     | Learned a level 4 spell: Ice Form
 13811 | Lair:1   | Entered Level 1 of the Lair of Beasts
 14696 | Lair:1   | Reached XP level 12. HP: 89/91 MP: 19/24
 15494 | Lair:2   | Noticed Prince Ribbit
 15502 | Lair:2   | Killed Prince Ribbit
 16977 | Lair:3   | Found a runed translucent door.
 16978 | Lair:3   | Found a shimmering altar of Xom.
 16978 | Lair:3   | Noticed loom's ghost (journeyman TrFi)
 18012 | Lair:4   | Noticed Sonja
 18020 | Lair:4   | Killed Sonja
 18215 | Lair:4   | Reached ***** piety under Wu Jian
 18315 | Lair:4   | Reached skill level 10 in Unarmed Combat
 18422 | Lair:4   | Found a hole to the Spider Nest.
 18816 | Lair:4   | Reached XP level 13. HP: 78/98 MP: 26/26
 19255 | Lair:4   | Found a staircase to the Shoals.
 21239 | Lair:5   | Found a staircase to the Slime Pits.
 22240 | Lair:6   | Entered Level 6 of the Lair of Beasts
 22330 | Lair:6   | HP: 2/121 [eight-headed hydra (13)]
 22866 | Lair:6   | Reached skill level 10 in Spellcasting
 23238 | Lair:6   | Reached XP level 14. HP: 96/108 MP: 28/28
 23995 | Lair:6   | Reached skill level 10 in Dodging
 24653 | Lair:6   | Learned a level 5 spell: Blade Hands
 24730 | Lair:6   | Reached skill level 11 in Unarmed Combat
 24998 | Lair:6   | Reached ****** piety under Wu Jian
 25486 | Lair:6   | Got a clouded wooden ring
 25874 | D:11     | Noticed Nergalle
 25898 | D:11     | Killed Nergalle
 26003 | D:11     | Found Peskeamy's Weapon Shoppe.
 26335 | D:11     | Noticed Harold
 26358 | D:11     | Killed Harold
 26358 | D:11     | Reached skill level 10 in Invocations
 26425 | D:11     | Found Oddoeluc's Magic Scroll Emporium.
 26428 | D:11     | Bought a scroll of acquirement for 676 gold pieces
 26428 | D:11     | Bought a scroll of immolation for 45 gold pieces
 26428 | D:11     | Identified the ring "Ireohiv" {+Fly Str+5} (You found it on
                  | level 6 of the Lair of Beasts)
 26552 | D:12     | Got a spiked chain mail
 26553 | D:12     | Identified the cursed +1 chain mail of Miracles {Int+3}
                  | (You found it on level 12 of the Dungeon)
 26735 | D:12     | Found a staircase to the Orcish Mines.
 27068 | D:13     | Found a gate to the Vaults.
 27172 | D:13     | Found a gate leading to a gauntlet.
 27180 | Gauntlet | Entered a Gauntlet
 27180 | Gauntlet | Found a transporter.
 27180 | Gauntlet | Found a transporter.
 27193 | Gauntlet | Found a transporter.
 27193 | Gauntlet | Found a transporter.
 27203 | Gauntlet | Found a transporter.
 27205 | Gauntlet | Found a transporter.
 27209 | Gauntlet | Found a runed translucent door.
 27211 | Gauntlet | Found a runed translucent door.
 27213 | Gauntlet | Found a transporter.
 27231 | Gauntlet | Found a transporter.
 27237 | Gauntlet | Found a transporter.
 27240 | Gauntlet | Found a transporter.
 27250 | Gauntlet | Found a transporter.
 27253 | Gauntlet | Found a transporter.
 27536 | Gauntlet | Got a scintillating bronze ring
 27538 | Gauntlet | Got a heavily runed steel ring
 27746 | Gauntlet | Identified the ring "Cyzad" {*Contam rN+ Int+5 Dex+4 SInv}
                  | (You found it in a Gauntlet)
 27747 | Gauntlet | Identified the ring of Veonwait {*Tele *Slow +Fly rN+++
                  | Slay-5} (You found it in a Gauntlet)
 27930 | D:13     | Learned a level 4 spell: Summon Lightning Spire
 28349 | D:13     | Reached XP level 15. HP: 55/115 MP: 29/29
 28443 | D:12     | Noticed Erolcha
 28469 | D:12     | Mangled by a swamp worm

Levels and vault maps discovered:
D:1:      saegor_arrival_under_anarchy, layout_basic, grunt_decor_one_mirror
D:2:      layout_basic, zin_statuary
D:3:      layout_loops_ring, marbit_many_paths,
          nemelex_xobeh_ov_fountains_minmay,
          nicolae_dithmenos_through_a_glass_darkly, led_sif_book,
          serial_bayou_pond_d, uniq_sigmund, uniq_grinder
D:4:      layout_cave_pools, nicolae_overflow_crystal_walls, uniq_menkaure,
          uniq_natasha
D:5:      layout_loops_ring, kennysheep_little_box, first_ration,
          uniq_crazy_yiuf_cottage, uniq_ijyb, uniq_pikel
D:6:      layout_cave_pools, lemuel_doored_altar, grunt_qazlal_clouds,
          minmay_temple_entry_poolview, kennysheep_generic_room_13
D:7:      layout_loops_ring, grunt_temple_overflow_champion_of_chaos
D:8:      layout_rooms, serial_shops, shop, hangedman_pestilent_swarm,
          lemuel_flame_loot_1
D:9:      layout_roguey, nicolae_ashenzari_panopticon, kennysheep_mini_moat,
          lightli_church_of_beogh
D:10:     layout_long_grid
D:11:     layout_basic, erik_lair_orcish_takeover, serial_shops, shop, shop,
          nicolae_shop_window_shopping, shop_fountains, uniq_nergalle,
          uniq_harold
D:12:     layout_roguey, minmay_orc_entry_temple_small, basic_altar,
          serial_shops, nicolae_shop_waterfront, ebering_ghost_xom,
          worms_lemuel, uniq_erolcha
D:13:     layout_rooms, lightli_vaults_fourway_checkpoint,
          gauntlet_entry_generic
Temple:   compressed_dpeg_triangle_lava_temple
Lair:1:   layout_layer_cave
Lair:2:   layout_cave_pods, eino_house_with_fridge, uniq_prince_ribbit2
Lair:3:   layout_regular_city, ebering_ghost_xom
Lair:4:   layout_long_grid, minmay_shoals_entry_beasts,
          nicolae_spider_entry_orb_guardian, nicolae_quartered_pool_super,
          infiniplex_staircase_pool, serial_bayou_shore_b, uniq_sonja
Lair:5:   layout_hall_layers, minmay_slime_entry_eyes
Lair:6:   grunt_lair_end_beastmaster, layout_regular_city, grunt_megastairs_4

Skill      XL: |  1  2  3  4  5  6  7  8  9 10 11 12 13 14 |
---------------+-------------------------------------------+-----
Spellcasting   | 5 6 7 8 9 10 | 10.7
Invocations    | 1 2 3 4 5 6 7 8 9 10 | 10.3
Short Blades   | 1 2 3 4 5 6 7 8 9 |  9.5
Long Blades    | 1 2 3 4 5 6 7 8 9 |  9.5
Axes           | 1 2 3 4 5 6 7 8 9 |  9.5
Maces & Flails | 1 2 3 4 5 6 7 8 9 |  9.5
Polearms       | 1 2 3 4 5 6 7 8 9 |  9.5
Staves         | 1 2 3 4 5 6 7 8 9 |  9.5
Slings         | 1 2 3 4 5 6 7 8 9 |  9.5
Bows           | 1 2 3 4 5 6 7 8 9 |  9.5
Crossbows      | 1 2 3 4 5 6 7 8 9 |  9.5
Throwing       | 1 2 3 4 5 6 7 8 9 |  9.5
Armour         | 1 2 3 4 5 6 7 8 9 |  9.5
Stealth        | 1 2 3 4 5 6 7 8 9 |  9.5
Shields        | 1 2 3 4 5 6 7 8 9 |  9.5
Evocations     | 1 2 3 4 5 6 7 8 9 |  9.5
Fighting       | 3 4 5 6 7 8 9 |  9.9
Conjurations   | 1 2 3 4 5 6 7 8 |  8.0
Hexes          | 1 2 3 4 5 6 7 8 |  8.0
Charms         | 1 2 3 4 5 6 7 8 |  8.0
Summonings     | 1 2 3 4 5 6 7 8 |  8.0
Necromancy     | 1 2 3 4 5 6 7 8 |  8.0
Translocations | 1 2 3 4 5 6 7 8 |  8.0
Transmutations | 4 5 6 7 8 |  8.9
Fire Magic     | 1 2 3 4 5 6 7 8 |  8.0
Ice Magic      | 1 2 3 4 5 6 7 8 |  8.0
Air Magic      | 1 2 3 4 5 6 7 8 |  8.0
Earth Magic    | 1 2 3 4 5 6 7 8 |  8.0
Poison Magic   | 1 2 3 4 5 6 7 8 |  8.0
Dodging        | 5 6 7 8 9 10 | 10.5
Unarmed Combat | 7 8 9 10 11 | 11.4

Action                   |  1- 3 |  4- 6 |  7- 9 | 10-12 | 13-15 || total
-------------------------+-------+-------+-------+-------+-------++-------
Melee: Unarmed           |   121 |    27 |   518 |   867 |   832 ||  2365
       Hand axe          |     9 |       |       |       |       ||     9
       Bite              |    18 |     2 |    51 |    42 |    18 ||   131
       Headbutt          |     2 |     1 |    20 |       |       ||    23
       Punch             |     2 |     1 |    22 |    11 |    11 ||    47
       Kick              |     1 |     2 |    16 |       |       ||    19
Throw: Boomerang         |     1 |     7 |       |    12 |       ||    20
 Cast: Beastly Appendage |     3 |     2 |    15 |       |       ||    20
       Sticks to Snakes  |       |       |    31 |    11 |     7 ||    49
       Spider Form       |       |       |     3 |    39 |    14 ||    56
       Swiftness         |       |       |     1 |     3 |     4 ||     8
       Ice Form          |       |       |       |    16 |    39 ||    55
       Blade Hands       |       |       |       |       |     7 ||     7
       Summon Lightning  |       |       |       |       |     1 ||     1
Invok: Lunge             |       |       |     8 |    64 |    47 ||   119
       Whirlwind         |       |       |       |    48 |    38 ||    86
Evoke: Wand              |       |     4 |     1 |    14 |    12 ||    31
  Use: Scroll            |     1 |       |     2 |    23 |    18 ||    44
       Potion            |       |     1 |     3 |     4 |     1 ||     9
 Stab: Sleeping          |     3 |     4 |    10 |    25 |     7 ||    49
       Distracted        |       |       |     2 |     3 |     4 ||     9
       Betrayed ally     |       |       |       |     1 |       ||     1
       Paralysed         |       |       |       |     1 |       ||     1
       Petrified         |       |       |       |       |     3 ||     3
       Petrifying        |       |       |       |       |     1 ||     1
  Eat: Chunk             |     3 |     3 |    17 |    30 |    29 ||    82
       Ration            |       |       |       |     3 |     3 ||     6
Armor: Robe              |    19 |       |    42 |    57 |       ||   118
       Skin              |       |     4 |     1 |    18 |    51 ||    74
       Leather armour    |       |       |       |     1 |    54 ||    55
Dodge: Dodged            |   113 |     5 |   334 |   621 |   591 ||  1664

Table legend:
 A = Non-vault XP
 B = Vault XP
 C = Vault XP percentage of total XP
 D = Non-vault monster count
 E = Vault monster count
 F = Vault count percentage of total count
                 A         B        C        D         E       F
            +---------+---------+-------+---------+---------+-------
      Total |   60098 |   27180 |  31.1 |     451 |     108 |  19.3
            +---------+---------+-------+---------+---------+-------
        D:1 |      27 |       0 |   0.0 |      15 |       0 |   0.0
        D:2 |      45 |       0 |   0.0 |      16 |       0 |   0.0
        D:3 |      64 |     506 |  88.8 |      12 |       3 |  20.0
        D:4 |     478 |     166 |  25.8 |      22 |       2 |   8.3
        D:5 |     652 |     583 |  47.2 |      29 |       3 |   9.4
        D:6 |     896 |       0 |   0.0 |      17 |       0 |   0.0
        D:7 |    1042 |      50 |   4.6 |      26 |       1 |   3.7
        D:8 |     995 |     763 |  43.4 |      18 |       4 |  18.2
        D:9 |    3099 |     746 |  19.4 |      50 |      13 |  20.6
       D:10 |    2235 |       0 |   0.0 |      38 |       0 |   0.0
       D:11 |    4749 |    2372 |  33.3 |      24 |      10 |  29.4
       D:12 |    2676 |     200 |   7.0 |      16 |       2 |  11.1
       D:13 |    2829 |    4579 |  61.8 |      23 |       8 |  25.8
     Lair:1 |    3484 |       0 |   0.0 |      14 |       0 |   0.0
     Lair:2 |    1300 |    2151 |  62.3 |       6 |      17 |  73.9
     Lair:3 |    3765 |       0 |   0.0 |      19 |       0 |   0.0
     Lair:4 |    8122 |    2122 |  20.7 |      29 |       4 |  12.1
     Lair:5 |   15964 |     570 |   3.4 |      53 |       2 |   3.6
     Lair:6 |    7676 |    7912 |  50.8 |      24 |      20 |  45.5
   Gauntlet |       0 |    4460 | 100.0 |       0 |      19 | 100.0
            +---------+---------+-------+---------+---------+-------
